FIQ, lawful female dwarven Valkyrie -------------- |.............## |............|# |...<........|# --+-----------## ###I# FIQ the Fighter Experience level: 6 Strength: 18/04 Dexterity: 13 Constitution: 18 Intelligence: 4 Wisdom: 7 Charisma: 8 Health: 0(75) Energy: 5(5) Def: 4 Gold: 349 Moves: 3970 Dungeon seed: KZqE0XUq-BHVAAoM Game ID: FIQ_1464445708 Your Inventory: Coins $ - 349 gold pieces Weapons a - a +1 long sword (weapon in hand) n - a +0 dagger Armor e - an uncursed +3 small shield (being worn) Comestibles c - 2 uncursed food rations o - 3 uncursed lichen corpses r - an uncursed fortune cookie u - an uncursed lembas wafer Scrolls q - a cursed scroll of teleportation s - an uncursed scroll of enchant weapon t - an uncursed scroll of teleportation G - an uncursed scroll of identify Spellbooks B - an uncursed spellbook of knock C - an uncursed spellbook of extra healing Potions F - an uncursed potion of confusion Rings p - an uncursed ring of free action Tools b - an uncursed sack v - an uncursed magic whistle w - an uncursed magic whistle Contents of the sack: 315 gold pieces 2 uncursed potions of hallucination Spells and supernatural/magical abilities: Name Level Category Fail Memory W - pray for help -- divine ? -- Your skills at the end: Fighting Skills wands [Basic] Weapon Skills dagger [Basic] long sword [Skilled] Spellcasting Skills Final Attributes: You were piously aligned. You were cold resistant. You were blinded. You had infravision. You were stealthy. You are dead. Vanquished creatures: a housecat 3 human zombies 11 Mordor orcs a yellow light a shrieker a floating eye a homunculus 8 hill orcs 2 centipedes a giant bat an orc zombie 2 dwarf zombies 3 iguanas 2 acid blobs 3 coyotes 8 manes a large kobold a hobgoblin a giant rat 4 cave spiders a brown mold 3 yellow molds 2 green molds a gnome zombie 3 geckos 8 jackals 2 foxes 2 kobolds 3 goblins a sewer rat 8 grid bugs 2 bats 6 lichens 5 newts 103 creatures vanquished. Voluntary challenges: You used a wielded weapon 104 times, starting on turn 24. You were illiterate. You never genocided any monsters. You never polymorphed an object. You never changed form. You used no wishes. You never split a pudding. You never wrote Elbereth's name. You never violated your personal moral code. Dungeon overview: The Dungeons of Doom: levels 1 to 6 Level 1 some fountains a long staircase Level 2 a potion shop, a fountain Level 3 an altar to Loki, a fountain stairs to The Gnomish Mines Level 4 a fountain Level 5 a fountain Level 6 <- You were here The Gnomish Mines: Level 4 stairs to The Dungeons of Doom History has recorded: On T:1 you entered the Dungeons of Doom to retrieve the Amulet of Yendor! On T:463 you advanced to experience level 2. On T:529 you reached level 2 of The Dungeons of Doom. On T:955 you advanced to experience level 3. On T:1781 you reached level 3 of The Dungeons of Doom. On T:1782 you advanced to experience level 4. On T:2189 you reached level 4 of The Dungeons of Doom. On T:2265 you reached level 1 of The Gnomish Mines. On T:2673 you reached level 5 of The Dungeons of Doom. On T:2780 you advanced to experience level 5. On T:3400 you advanced to experience level 6. On T:3891 you reached level 6 of The Dungeons of Doom. Score breakdown: Gold: 664 ( 9602 points) Experience: 6 levels (12456 points) Exploration: 6 levels ( 12.50%) ( 9784 points) Discoveries: 10 items ( 4.02%) ( 6012 points) Valuables value: (no points given unless you survive) Artifact value: 0 ( 0 points) Variety of kills: 34 monsters ( 8.88%) ( 8938 points) Turncount: 3970 turns (-1013 points) Survival: died (score multiplied by 80%) Total score: 36623 Latest messages: There is a doorway here. There are a few objects here. You faint from lack of food. You come to. There are several objects here. You faint from lack of food. You come to. G - a scroll labeled PRIRUTSENIE. You feel too weak from hunger to explore. You stop running. You faint from lack of food. You come to. You faint from lack of food. You come to. You faint from lack of food. You come to. You faint from lack of food. It bites! (13x) You die... Final status: Farvel FIQ the Valkyrie, killed by a coyote, while fainted from lack of food... You died in The Dungeons of Doom on dungeon level 6 with 36623 points, and 664 pieces of gold, after 3970 moves. You were level 6 with a maximum of 75 hit points when you died.